 Dungeon Crawl Stone Soup version 0.29.1-15-g9cfb28693d (webtiles) character file.

Game seed: 11765222711861019947

1332 leafyfresh the Covert (level 8, 0/53 (55) HPs)
             Began as an Octopode Delver on Apr 14, 2023.
             Slain by a wight
             ... wielding a +2 spear
              (6 damage)
             ... on level 6 of the Dungeon.
             The game lasted 00:08:46 (7691 turns).

leafyfresh the Covert (Octopode Delver)             Turns: 7691, Time: 00:08:47

HP:   0/53 (55)     AC:  1    Str: 12    XL:     8   Next: 61%
MP:   3/11          EV: 14    Int: 14    God:
Gold: 194           SH:  0    Dex: 13    Spells: 4/12 levels left

rFire   . . .      SeeInvis .   t - +1 dagger (venom)
rCold   . . .      Faith    .   (no shield)
rNeg    . . .      Spirit   .   (helmet restricted)
rPois   .          Reflect  .   (no amulet)
rElec   .          Harm     .   A - ring of wizardry
rCorr   .          Rampage  .   (no ring)
Will    .....                   (no ring)
Stlth   +++++.....              (no ring)
HPRegen 0.17/turn               (no ring)
MPRegen 0.12/turn               (no ring)
                                (no ring)
                                (no ring)

@: lethally poisoned (0 -> -4), lightly drained, invisible
A: almost no armour, amphibious, 8 rings, camouflage 1, gelatinous body 1,
(nimble swimmer 1), tentacles
a: no special abilities


You were on level 6 of the Dungeon.
You visited 1 branch of the dungeon, and saw 6 of its levels.

You collected 194 gold pieces.

Inventory:

Hand Weapons
 a - a +0 short sword
 e - a +3 hand axe
 s - a +3 flail
 t - a +1 dagger of venom (weapon)
Missiles
 h - 14 poisoned darts (quivered)
 E - a throwing net
Armour
 z - a scarf of shadows
Magical Staves
 n - a staff of conjuration
Jewellery
 u - a ring of ice
 A - a ring of wizardry (left tentacle)
Wands
 f - a wand of digging (3)
 g - a wand of charming (14)
 m - a wand of iceblast (11)
Scrolls
 b - 2 scrolls of fog
 c - 2 scrolls of magic mapping
 d - a scroll of fear
 i - 7 scrolls of identify {unknown}
 k - a scroll of amnesia {unknown}
 p - a scroll of enchant armour {unknown}
 r - 2 scrolls of immolation {unknown}
 x - a scroll of torment {unknown}
 y - a scroll of vulnerability {unknown}
 B - a scroll of noise {unknown}
Potions
 j - 2 potions of invisibility
 l - 2 potions of lignification {unknown}
 o - a potion of mutation {unknown}
 q - 2 potions of attraction {unknown}
 v - 2 potions of curing {unknown}
 w - 2 potions of resistance {unknown}
 C - a potion of ambrosia {unknown}
 D - a potion of flight {unknown}


   Skills:
 - Level 5.3 Fighting
 - Level 2.0 Short Blades
 - Level 4.8 Dodging
 - Level 9.2 Stealth
 + Level 2.5 Spellcasting
 + Level 5.7 Transmutations


You had 4 spell levels left.
You knew the following spells:

 Your Spells              Type           Power      Damage    Failure   Level
a - Spider Form           Tmut/Pois      9%         N/A       9%          3
b - Blade Hands           Tmut           8%         N/A       24%         5

Your spell library contained the following spells:

 Spells                   Type           Power      Damage    Failure   Level
 Beastly Appendage        Tmut           34%        N/A       1%          1
 Wereblood                Tmut           17%        N/A       1%          2
 Poisonous Vapours        Pois/Air       2%         N/A       14%         2
 Corpse Rot               Necr/Pois/Air  1%         N/A       63%         4
 Iron Shot                Conj/Erth      0%         9d1       100%        6
 Animate Armour           Summ/Erth      Unusable   N/A       N/A         4

Dungeon Overview and Level Annotations

Branches:
Dungeon (6/15)
 Temple: D:4-7

Altars:

Shops:
D:6 [


Innate Abilities, Weirdness & Mutations

You cannot wear most types of armour.
You are amphibious.
You can wear up to eight rings at the same time.
Your skin changes colour to match your surroundings (Stealth+).
Your rubbery body absorbs attacks. (AC +1, EV +1)
((You are camouflaged when in or above water. (Stealth+)))
You have tentacles for arms and can constrict up to eight enemies at once.


Message History

The wight closely misses you. The wight misses you.
You hit the wight.
The wight is severely damaged.
Your main tentacles revert to their normal proportions.
Your +1 dagger of venom unmelds from your body.
Your +1 dagger of venom begins to drip with poison!
You constrict the wight. The wight hits you with a +0 mace.
The wight barely misses you.
The wight hits you from afar with a +2 spear!
You hit the wight but do no damage.
The wight is almost destroyed.
You constrict the wight.
You destroy the wight!
The wight closely misses you. x2
Unknown command.
You hit the wight but do no damage. You grab the wight. You squeeze the wight.
The wight is lightly damaged.
You constrict the wight.
The wight throws a poisoned dart.
The poisoned dart hits you!
You are poisoned.
The wight completely misses you.
Unknown command.
You hit the wight.
The wight is moderately damaged.
You constrict the wight.
You feel sick.
The wight hits you from afar with a +2 spear!
* * * LOW HITPOINT WARNING * * *
You feel drained.
* * * LOW HITPOINT WARNING * * *
The wight closely misses you.
It was a potion of invisibility.
You fade into invisibility!
You constrict the wight.
* * * LOW HITPOINT WARNING * * *
You feel sick. The wight barely misses you. The wight closely misses you.
You barely miss the wight. You squeeze the wight!
You destroy the wight!
You feel sick.
The wight hits you from afar with a +2 spear.
You die...

##. ##...[... ..
........# #. ......
#.###.... .... #......###
...# #..# #........#
#...# ....
#........#####..###....
#...<.)..##............
##..#)@)z.#..?.##......
###...))...............
#....(..#....!.....#...
#...#..#.##.....##.##...
#...##.#..#.........#...
..... ....###†......##...
..........#..#...........
... .........#...........
....=..........$......


You could see a wight (unable to see you).

Vanquished Creatures
  Sigmund (D:6)
  A black bear (D:6)
  An ogre (D:6)
  A kobold brigand (D:5)
  2 bullfrogs (D:6)
  2 scorpions
  3 wights (D:6)
  2 howler monkeys
  A gnoll bouda (D:5)
  5 hounds
  A jelly (D:5)
  2 iguanas
  An orc wizard (D:4)
  5 gnolls
  5 adders
  A white imp (D:5)
  2 ufetubi
  2 worms
  2 dart slugs (D:2)
  10 orcs
  6 bats
  5 endoplasms
  5 giant cockroaches (D:2)
  3 goblins
  6 hobgoblins
  2 quokkas
  4 ball pythons
  6 frilled lizards
  8 kobolds
  7 rats
102 creatures vanquished.

Notes
Turn   | Place    | Note
-------+----------+-------------------------------------------
     0 | D:5      | leafyfresh the Octopode Delver began the quest for the Orb.
     0 | D:5      | Reached XP level 1. HP: 16/16 MP: 1/1
   128 | D:5      | Noticed a jelly
   135 | D:5      | Killed a jelly
   136 | D:5      | Reached skill level 7 in Stealth
   136 | D:5      | Reached XP level 2. HP: 19/21 MP: 2/2
   136 | D:5      | Reached XP level 3. HP: 24/26 MP: 3/3
   190 | D:5      | Noticed a scorpion
   194 | D:5      | Killed a scorpion
   195 | D:5      | Reached XP level 4. HP: 28/33 MP: 4/4
   261 | D:5      | Reached XP level 5. HP: 28/37 MP: 5/5
   606 | D:5      | Reached skill level 8 in Stealth
   692 | D:5      | Reached XP level 6. HP: 44/44 MP: 6/6
  3058 | D:3      | Reached skill level 5 in Fighting
  3149 | D:3      | Reached XP level 7. HP: 50/50 MP: 7/7
  4995 | D:6      | Reached skill level 9 in Stealth
  5307 | D:5      | Learned a level 3 spell: Spider Form
  5319 | D:6      | Noticed a yak
  5319 | D:6      | Noticed a yak
  5319 | D:6      | Noticed a yak
  5319 | D:6      | Noticed a yak
  5319 | D:6      | Noticed a yak
  5484 | D:6      | Noticed Sigmund
  5497 | D:6      | Killed Sigmund
  5585 | D:6      | Reached XP level 8. HP: 55/55 MP: 4/8
  5634 | D:6      | Found Maosow's Antique Armour Shop.
  7561 | D:5      | Learned a level 5 spell: Blade Hands
  7616 | D:6      | Reached skill level 1 in Spellcasting
  7616 | D:6      | Reached skill level 5 in Transmutations
  7691 | D:6      | Slain by a wight

Illustrated notes

Levels and vault maps discovered:
D:1:      dpeg_arrival_lava_altar, layout_basic
D:2:      layout_loops_corners, minmay_worlds_worst_comb
D:3:      layout_loops_ring
D:4:      layout_cave_pods, minmay_misc_feat_room
D:5:      layout_loops_cross
D:6:      layout_cave_pools, nicolae_overflow_hallway_of_the_gods, serial_shops,
          shop, uniq_sigmund

Skill      XL: |  1  2  3  4  5  6  7  8 |
---------------+-------------------------+-----
Stealth        | 7 8 9 |  9.2
Dodging        | 3 4 |  4.8
Fighting       | 4 5 |  5.3
Transmutations | 4 5 |  5.7
Spellcasting   | 2 |  2.5
Short Blades   | |  2.0

Action                   |  1- 3 |  4- 6 |  7- 9 || total
-------------------------+-------+-------+-------++-------
Melee: Short sword       |     4 |    76 |       ||    80
       Tentacles         |     2 |    26 |    17 ||    45
       Constrict         |     1 |    16 |    22 ||    39
       Dagger            |       |     3 |    76 ||    79
       Unarmed           |       |       |    88 ||    88
       Punch             |       |       |     1 ||     1
 Cast: Spider Form       |       |       |    12 ||    12
       Blade Hands       |       |       |     3 ||     3
  Use: Scroll            |       |       |     1 ||     1
       Potion            |       |       |     2 ||     2
 Stab: Sleeping          |     2 |    15 |    25 ||    42
Armor: Skin              |       |     4 |     8 ||    12
Dodge: Dodged            |     1 |    65 |   174 ||   240
